 Dungeon Crawl Stone Soup version 0.24.0-1-gfbc8707122 (webtiles) character file.

Game seed: 16791710038298220862, levelgen mode: deterministic

139 Mrkan the Shield-Bearer (level 5, 0/42 HPs)
             Began as a Formicid Fighter on Oct 25, 2019.
             Was a Believer of Ru.
             Succumbed to a scorpion's poison
             ... on level 4 of the Dungeon.
             The game lasted 00:06:06 (2651 turns).

Mrkan the Shield-Bearer (Formicid Fighter)          Turns: 2651, Time: 00:06:07

Health: 0/42       AC:  7    Str: 20    XL:     5   Next: 46%
Magic:  5/5        EV:  8    Int:  9    God:    Ru [**....]
Gold:   218        SH:  9    Dex: 10    Spells: 4/4 levels left

rFire    . . .     SeeInvis +   a - +0 flail
rCold    . . .     Gourm    .   c - +0 shield
rNeg     . . .     Faith    .   b - +0 scale mail
rPois    .         Spirit   .   (helmet unavailable)
rElec    .         Reflect  .   n - +0 cloak
rCorr    .         Harm     .   (no gloves)
MR       .....                  (no boots)
Stlth    ..........             (no amulet)
HPRegen  0.14/turn              (no ring)
MPRegen  0.09/turn              (no ring)

@: lethally poisoned (0 -> -23)
A: permanent stasis, dig shafts and tunnels, four strong arms, antennae 3,
unskilled 1
a: Dig, Shaft Self, Renounce Religion


You were on level 4 of the Dungeon.
You worshipped Ru.
Ru was pleased with you.
You were not hungry.

You visited 1 branch of the dungeon, and saw 4 of its levels.

You collected 218 gold pieces.

Inventory:

Hand Weapons
 a - a +0 flail (weapon)
 j - a +2 whip of holy wrath
Missiles
 o - 8 silver javelins (quivered)
Armour
 b - a +0 scale mail (worn)
 c - a +0 shield (worn)
 n - a +0 cloak (worn)
Wands
 s - a wand of digging (3)
Scrolls
 e - a scroll of amnesia
 h - 2 scrolls of teleportation {unknown}
 i - a scroll of fog {unknown}
 l - a scroll of enchant armour {unknown}
 p - a scroll of identify {unknown}
 r - a scroll of magic mapping {unknown}
 t - a scroll of random uselessness {unknown}
Potions
 g - a potion of flight
 k - a potion of magic
 m - a potion of ambrosia
 q - a potion of degeneration {unknown}
Comestibles
 d - 4 chunks of flesh
 f - 6 rations


   Skills:
 + Level 3.8 Fighting
 * Level 3.5 Maces & Flails
 - Level 3.0 Armour
 + Level 4.2 Shields


You had 4 spell levels left.
You didn't know any spells.
Your spell library contained the following spells:

 Spells                   Type           Power        Failure   Level  Hunger
 Magic Dart               Conj           #...         97%         1    ##.....
 Call Imp                 Summ           #.......     99%         2    ###....
 Slow                     Hex            #.......     99%         2    ###....
 Conjure Flame            Conj/Fire      #.......     100%        3    ####...
 Mephitic Cloud           Conj/Pois/Air  #.......     100%        3    ####...
 Blink                    Tloc           Unusable     N/A         2    N/A

Dungeon Overview and Level Annotations

Branches:
Dungeon (4/15)
 Temple: D:4-7

Altars:
Ashenzari
Kikubaaqudgha
Ru
Xom
Yredelemnul


Innate Abilities, Weirdness & Mutations

You cannot be hasted, slowed, berserked, paralysed or teleported.
You can dig through walls and to a lower floor.
Your four strong arms can wield two-handed weapons with a shield.
You have a pair of large antennae on your head. (SInv)
You are somewhat unskilled. (-1 Apt)


Message History

You block the scorpion's attack.
You thump the worker ant!
You kill the worker ant!
You feel sick. The scorpion stings you.
You focus your will and illuminate the scorpion in retribution!
The scorpion stings you!
* * * LOW HITPOINT WARNING * * *
You are lethally poisoned!
The scorpion poisons you!
You see here a worker ant corpse.
* * * LOW HITPOINT WARNING * * *
You feel sick.
You completely miss the scorpion.
* * * LOW HITPOINT WARNING * * *
You feel sick. The scorpion stings you.
* * * LOW HITPOINT WARNING * * *
You are more poisoned.
The scorpion poisons you!
You completely miss the scorpion.
You die...

......#
.....# ....#
...#
..######
####......#
#..'......#
#..#†s....#
#..#.@....#
####......#
+......#
#......#
######..#
.....
........
{..........
a.........._


You could see a scorpion.

Vanquished Creatures
  2 worker ants
  A gnoll (D:1)
  An adder (D:3)
  An ooze (D:2)
  2 worms (D:3)
  A dart slug (D:1)
  2 leopard geckos
  3 ball pythons
  8 bats
  3 giant cockroaches (D:1)
  7 hobgoblins
  4 frilled lizards
  10 goblins
  10 kobolds
  8 rats
63 creatures vanquished.

Notes
Turn   | Place    | Note
-------+----------+-------------------------------------------
     0 | D:1      | Mrkan the Formicid Fighter began the quest for the Orb.
     0 | D:1      | Reached XP level 1. HP: 18/18 MP: 1/1
   102 | D:1      | Reached XP level 2. HP: 23/24 MP: 2/2
   258 | D:1      | Reached skill level 4 in Shields
   258 | D:1      | Reached XP level 3. HP: 29/29 MP: 3/3
   975 | D:2      | Reached XP level 4. HP: 33/37 MP: 4/4
  1237 | D:2      | Found a sacrificial altar of Ru.
  1237 | D:2      | Found a shimmering altar of Xom.
  1243 | D:2      | Became a worshipper of Ru the Awakened
  1340 | D:2      | Found an ancient bone altar of Kikubaaqudgha.
  1547 | D:3      | Found a shattered altar of Ashenzari.
  2346 | D:3      | Gained mutation: You are somewhat unskilled. (-1 Apt) [Ru
                  | sacrifice]
  2346 | D:3      | Reached * piety under Ru
  2346 | D:3      | Reached ** piety under Ru
  2375 | D:3      | Reached XP level 5. HP: 13/42 MP: 5/5
  2632 | D:4      | Found a basalt altar of Yredelemnul.
  2650 | D:4      | HP: 2/42 [scorpion (6)]
  2651 | D:4      | Succumbed to a scorpion's poison

Levels and vault maps discovered:
D:1:      minmay_arrival_radiant_lines, layout_loops_corners
D:2:      layout_basic, nicolae_overflow_crystal_walls,
          gammafunk_temple_overflow_wave, serial_bayou_pond_a,
          kennysheep_another_room, minmay_circle_x
D:3:      layout_basic, ashenzari_altar_1
D:4:      layout_gridville, kennysheep_slug_shrine, zin_treasury,
          overflow_temple_1_default, minmay_temple_entry_offerings, uniq_sigmund

Skill      XL: |  1  2  3  4 |
---------------+-------------+-----
Shields        | 4 |  4.2
Maces & Flails | 3 |  3.5
Fighting       | 3 |  3.8
Armour         | |  3.0

Action                   |  1- 3 |  4- 6 || total
-------------------------+-------+-------++-------
Melee: Flail             |   103 |    93 ||   196
Invok: Sacrifice Skill   |       |     1 ||     1
  Use: Scroll            |     1 |       ||     1
       Potion            |       |     4 ||     4
  Eat: Chunk             |       |     6 ||     6
Armor: Scale mail        |    44 |    43 ||    87
Dodge: Dodged            |    27 |    32 ||    59
Block: Shield            |    50 |    44 ||    94
